 Dungeon Crawl Stone Soup version 0.30-a0-591-g3c58d2bc28 (webtiles) character file.

Game seed: 16839321061003614491

154 wormed the Changer (level 5, -2/33 HPs)
             Began as an Octopode Transmuter on Jan 4, 2023.
             Killed from afar by Ijyb (8 damage)
             ... with an iceblast
             ... on level 4 of the Dungeon.
             The game lasted 00:03:54 (2643 turns).

wormed the Changer (Octopode Transmuter)            Turns: 2643, Time: 00:03:55

Health: -2/33      AC:  1    Str:  9    XL:     5   Next: 36%
Magic:  9/9        EV: 13    Int: 17    God:
Gold:   99         SH:  0    Dex: 13    Spells: 7/10 levels left

rFire   . . .      SeeInvis .      - Unarmed
rCold   . . .      Faith    .    (no shield)
rNeg    . . .      Spirit   .    (helmet restricted)
rPois   .          Reflect  .    (no amulet)
rElec   .          Harm     .    (no ring)
rCorr   .          Rampage  .    (no ring)
Will    .....                    (no ring)
Stlth   ++                       (no ring)
HPRegen 0.25/turn                (no ring)
MPRegen 0.11/turn                (no ring)
                                 (no ring)
                                 (no ring)

@: no status effects
A: almost no armour, amphibious, 8 rings, camouflage 1, gelatinous body 1,
(nimble swimmer 1), tentacles
a: no special abilities


You were on level 4 of the Dungeon.
You visited 1 branch of the dungeon, and saw 4 of its levels.

You collected 99 gold pieces.

Inventory:

Wands
 k - a wand of iceblast (7)
Potions
 a - 2 potions of lignification
 b - a potion of berserk rage
 c - a potion of flight {unknown}
 d - 2 potions of mutation {unknown}
 e - a potion of heal wounds {unknown}
 f - 2 potions of degeneration {unknown}
 h - a potion of ambrosia {unknown}
 i - a potion of attraction {unknown}


   Skills:
 - Level 1.0 Fighting
 - Level 2.0 Dodging
 - Level 3.0 Unarmed Combat
 + Level 3.2 Spellcasting
 + Level 3.4 Transmutations
 + Level 2.6 Ice Magic


You had 7 spell levels left.
You knew the following spells:

 Your Spells              Type           Power      Damage    Failure   Level
a - Beastly Appendage     Tmut           28%        N/A       4%          1
b - Wereblood             Tmut           14%        N/A       6%          2

Your spell library contained the following spells:

 Spells                   Type           Power      Damage    Failure   Level
 Spider Form              Tmut/Pois      8%         N/A       26%         3
 Ice Form                 Ice/Tmut       13%        N/A       43%         4


Dungeon Overview and Level Annotations

Branches:
Dungeon (4/15)
 Temple: D:4-7

Altars:

Annotations:
D:2 Sigmund
D:4 Ijyb


Innate Abilities, Weirdness & Mutations

You cannot wear most types of armour.
You are amphibious.
You can wear up to eight rings at the same time.
Your skin changes colour to match your surroundings (Stealth+).
Your rubbery body absorbs attacks. (AC +1, EV +1)
((You are camouflaged when in or above water. (Stealth+)))
You have tentacles for arms and can constrict up to eight enemies at once.


Message History

Your tentacle spike disappears.
Items here: ))) [ ††.
Your primal bloodlust has ended.
HP restored.
Items here: ))) [ ††.
An endoplasm comes into view.
An endoplasm is nearby!
Casting: Wereblood (safe; 6% risk of failure)
Confirm with . or Enter, or press ? or * to list all spells.
One of your tentacles grows a vicious spike.
The endoplasm quivers.
The endoplasm hits you.
You tentacle-slap the endoplasm.
You pierce the endoplasm.
You squeeze the endoplasm.
You kill the endoplasm!
Your transformation is almost over.
Your tentacle spike disappears.
You hear the slow rusting of a very distant drain.
Found a stone staircase leading down.
Ijyb the Twisted Goblin comes into view.
She is wielding a +0 dagger and carrying a wand of iceblast (9).
Ijyb is nearby!
Ijyb is nearby!
Ijyb is nearby!
Ijyb zaps a wand.
The mass of ice explodes!
The iceblast engulfs you!
You hear the slow rusting of a very distant drain.
The air fills with toxic fumes!
As you read the scroll labelled SUCZOWKAENG, it crumbles to dust.
It was a scroll of poison.
As you read the scroll labelled HONLIB EMYEFA, it crumbles to dust.
You hear a loud clanging noise!
It was a scroll of noise.
You hear a bark!
You start resting.
Ijyb is nearby!
Ijyb is nearby!
Ijyb zaps a wand.
The mass of ice explodes!
The iceblast engulfs you!!
Ouch! That really hurt!
* * * LOW HITPOINT WARNING * * *
Ijyb zaps a wand.
The mass of ice explodes!
The iceblast engulfs you!
You die...

### #.. ..# #.#
#g# #.# #.# #@#
#.# #.# #.# ## #.#
#.# ... #.# ##.#
....
#.####..######....
#.g....g.........>
##########.......#
#........
#.....#.#


You could see Ijyb.

Vanquished Creatures
  An orc wizard (D:4)
  6 adders
  3 worms (D:2)
  A dart slug (D:1)
  4 orcs (D:4)
  7 endoplasms
  8 giant cockroaches
  8 hobgoblins
  A quokka (D:1)
  3 ball pythons
  5 bats
  4 frilled lizards
  3 goblins
  4 kobolds
  3 rats
61 creatures vanquished.

Notes
Turn   | Place    | Note
-------+----------+-------------------------------------------
     0 | D:1      | wormed the Octopode Transmuter began the quest for the Orb.
     0 | D:1      | Reached XP level 1. HP: 13/13 MP: 3/3
    73 | D:1      | Reached XP level 2. HP: 12/18 MP: 5/5
    76 | D:1      | Learned a level 2 spell: Wereblood
   250 | D:1      | Reached skill level 1 in Ice Magic
   738 | D:1      | Reached XP level 3. HP: 20/23 MP: 4/6
  1430 | D:2      | Reached XP level 4. HP: 25/28 MP: 8/8
  1738 | D:2      | Noticed Sigmund
  2469 | D:4      | Reached XP level 5. HP: 33/33 MP: 7/9
  2618 | D:4      | Noticed Ijyb
  2643 | D:4      | Killed from afar by Ijyb

Illustrated notes

Levels and vault maps discovered:
D:1:      minmay_arrival_jagged, layout_basic
D:2:      layout_loops_cross, basic_altar, amcnicky_mini_corridor_feature,
          minivault_24, uniq_sigmund
D:3:      layout_loops_cross
D:4:      layout_rooms, mainiacjoe_overflow_catch_the_wave,
          serial_co_window_serial, co_window_paths_a, co_window_paths_b,
          co_window_paths_a, co_window_paths_b, co_window_paths_b,
          co_window_2corner, co_window_broadway_a, co_window_2corner,
          co_window_corner_b, co_window_broadway_a, glass_columns_a,
          glass_columns_c, glass_columns_b, serial_shops, nicolae_diamond_shop,
          portal_sewer_entry_c, uniq_ijyb

Skill      XL: |  1  2  3  4 |
---------------+-------------+-----
Ice Magic      | 1 2 |  2.6
Transmutations | 3 |  3.4
Spellcasting   | 3 |  3.2
Fighting       | |  1.0
Dodging        | |  2.0
Unarmed Combat | |  3.0

Action                   |  1- 3 |  4- 6 || total
-------------------------+-------+-------++-------
Melee: Unarmed           |    78 |    63 ||   141
       Constrict         |    18 |    19 ||    37
       Tentacles         |    19 |    19 ||    38
       Kick              |    19 |    26 ||    45
       Punch             |     2 |     2 ||     4
 Cast: Wereblood         |    15 |     4 ||    19
       Beastly Appendage |    18 |    18 ||    36
  Use: Scroll            |     3 |     2 ||     5
 Stab: Sleeping          |     2 |     1 ||     3
Armor: Skin              |    10 |     4 ||    14
Dodge: Dodged            |    61 |    30 ||    91

Table legend: (Time is in decaauts)
 A = Elapsed time spent in this place.
 B = Non-inter-level travel time spent in this place.
 C = Inter-level travel time spent in this place.
 D = Time resting spent in this place.
 E = Time spent auto-exploring this place.
 F = Levels seen in this place.
 G = Mean time per level.
                   A        B        C        D        E       F      G
               +--------+--------+--------+--------+--------+-----+--------+
         Total |   2635 |   2563 |     72 |    140 |   1859 |   4 |  658.8 |
       Dungeon |   2635 |   2563 |     72 |    140 |   1859 |   4 |  658.8 |
               +--------+--------+--------+--------+--------+-----+--------+

Top non-repeatable levels by time:
     D:1: 1063 daAuts
     D:2: 711 daAuts
     D:3: 639 daAuts
     D:4: 221 daAuts
